 Dungeon Crawl Stone Soup version 0.30.1-9-gdf580d7c3d (webtiles) character file.

Game seed: 5038923451192741104

4258 adizb the Grappler (level 10, -5/94 HPs)
             Began as a Troll Earth Elementalist on Oct 24, 2023.
             Was a Follower of Uskayaw.
             Succumbed to Maurice's curare-tipped dart
             ... on level 8 of the Dungeon.
             The game lasted 00:44:05 (6613 turns).

adizb the Grappler (Troll Earth Elementalist)       Turns: 6613, Time: 00:44:06

Health: -5/94      AC: 10    Str: 24    XL:     10   Next: 10%
Magic:  12/12      EV: 11    Int: 11    God:    Uskayaw [*.....]
Gold:   0          SH:  0    Dex: 10    Spells: 10/13 levels left

rFire   . .          .
                       - Unarmed
rCold   . . .        (no shield)
rNeg    + + .        a - +0 robe
rPois   .            y - +1 hat of Etsau {Will+ Str+2}
rElec   .            r - +0 cloak
rCorr   +            (gloves unavailable)
SInv    .            (boots unavailable)
Will    ++...        D - amulet of magic regeneration
Stlth   +            o - ring of resist corrosion
HPRegen 1.15/turn    c - ring "Fefa" {rC- rN++ AC+4}
MPRegen 0.53/turn

%: no passive effects
@: lethally poisoned (-5 -> -16), slowed, very slow
A: large, unfitting armour, claws 3, regeneration 1, shaggy fur 1, tough skin 1,
antennae 1, cold resistance 1, strong-willed 1
a: Renounce Religion, Stomp


You were on level 8 of the Dungeon.
You worshipped Uskayaw.
Uskayaw was noncommittal.
You visited 2 branches of the dungeon, and saw 9 of its levels.
You also visited: Sewer.

Inventory:

Armour
 a - a +0 robe (worn)
 r - a +0 cloak (worn)
 y - the +1 hat of Etsau (worn) {Will+ Str+2}
   (You acquired it in a sewer)

   Str:       It affects your strength (+2).
   Will:      It increases your willpower.
Jewellery
 c - the ring "Fefa" (right claw) {rC- rN++ AC+4}
   (You acquired it on level 6 of the Dungeon)

   [ring of protection]

   AC:        It affects your AC (+4).
   rC:        It makes you vulnerable to cold.
   rN:        It greatly protects you from negative energy.
 f - a ring of willpower
 g - a ring of protection from cold
 o - a ring of resist corrosion (left claw)
 p - a ring of willpower
 v - a ring of protection from fire
 w - a ring of flight
 D - an amulet of magic regeneration (around neck)
Wands
 t - a wand of flame (25)
 A - a wand of roots (19)
Scrolls
 i - 2 scrolls of teleportation {unknown}
 j - 5 scrolls of fear
 k - 2 scrolls of fog
 u - a scroll of silence
 x - a scroll of vulnerability
Potions
 b - a potion of magic
 d - 4 potions of brilliance
 h - a potion of flight
 m - 3 potions of lignification
 q - 2 potions of might


   Skills:
 + Level 4.4 Fighting
 + Level 4.5 Armour
 + Level 4.9 Dodging
 - Level 1.0 Stealth
 * Level 8.1 Unarmed Combat
 - Level 2.0 Spellcasting
 - Level 2.0 Transmutations
 - Level 5.0 Earth Magic
 + Level 3.7 Invocations


You had 10 spell levels left.
You knew the following spells:

 Your Spells              Type           Power      Damage    Failure   Level
a - Sandblast             Erth           24%        2d8       3%          1
b - Passwall              Tmut/Erth      6%         N/A       11%         2

Your spell library contained the following spells:

 Spells                   Type           Power      Damage    Failure   Level
 Summon Small Mammal      Summ           4%         N/A       28%         1
 Stone Arrow              Conj/Erth      12%        3d7       30%         3
 Poisonous Vapours        Pois/Air       2%         N/A       41%         2
 Petrify                  Tmut/Erth      8%         N/A       56%         4
 Call Canine Familiar     Summ           1%         N/A       65%         3
 Mephitic Cloud           Conj/Pois/Air  1%         N/A       65%         3
 Summon Guardian Golem    Hex/Summ       1%         N/A       65%         3
 Freezing Cloud           Conj/Ice/Air   0%         6-21      100%        5


Dungeon Overview and Level Annotations

Branches:
Dungeon (8/15)             Temple (1/1) D:5           Sewer (visited)
   Lair: D:8-11

Altars:
Cheibriados
Elyvilon
Fedhas
Gozag
Hepliaklqana
Kikubaaqudgha
Makhleb
Nemelex Xobeh
Qazlal
Ru
Sif Muna
Trog
Uskayaw
Vehumet
Wu Jian
Yredelemnul
Zin
The Shining One

Shops:
D:5 *


Innate Abilities, Weirdness & Mutations

You are too large for most types of armour.
You have claws for hands.
Your natural rate of healing is unusually fast.
You are covered in fur. (AC +1)
You have tough skin. (AC +1)
You have a pair of small antennae on your head.
Your flesh is cold resistant. (rC+)
You are strong-willed. (Will+)


Message History

The gnoll completely misses you.
You claw the gnoll!
You kill the gnoll!
A curare-tipped dart appears from out of thin air!
The curare-tipped dart hits you.
You are more poisoned.
You have difficulty breathing.
* * * LOW HITPOINT WARNING * * *
You feel yourself slow down.
It was a potion of mutation.
You feel extremely strange.
You feel strong-willed.
You feel resistant to cold. A pair of antennae grows on your head!
* * * LOW HITPOINT WARNING * * *
You feel extremely sick.
It was a potion of curing.
You feel better.
As you read the scroll of fog, it crumbles to dust.
The scroll dissolves into smoke.
You are no longer corroded.
A curare-tipped dart appears from out of thin air!
The curare-tipped dart hits you.
You are poisoned.
You have difficulty breathing.
* * * LOW HITPOINT WARNING * * *
You feel as though you will be slow longer.
You feel very sick.
Maurice throws a curare-tipped dart.
The curare-tipped dart hits you.
You are lethally poisoned!
You have difficulty breathing.
* * * LOW HITPOINT WARNING * * *
You feel as though you will be slow longer.
You can no longer pass through a line of other dancers.
Okay, then.
Okay, then.
Okay, then.
Aiming: Sandblast (safe; 3% risk of failure)
Press: ? - help, Q - select action, (/) - cycle Shift-Dir - straight line, f - Maurice
Aim: Maurice, wielding a +0 halberd, wearing a +0 cloak, wearing a ring of poison resistance, quivering curare-tipped darts and carrying a wand of acid (4) (blue smoke, almost dead, fast, unusually resistant, 75% to hit)
The blast of sand hits Maurice.
You kill Maurice!
You die...

≈~~~~......#.######.#............
~≈.~.........# #.....#...#....
~~~~.....##..# #.....##.##....
~~~~.....#...# #...#.####.....
~~.~~#.......# +..##...##.##..
.~~≈.#.......######..........##..
~~~~~##..........................
~≈≈~.##....§§§§.#..#.......#.....
≈~≈~.###{..§{§§§@..<.....####.#..
~≈~~.# #....§§§§........# ####.
~≈~..# ##..####§...##..# #..
~~~.## #### ##....~.~. #.. #~###
#....... ..## ## ≈≈≈~.~~~~ ≈≈
≈≈≈~~~~~~ ≈≈ #.~..~.~. #.~..~.


There were no monsters in sight!

Vanquished Creatures
  Pikel (D:6)
  Maurice (D:8)
  A wyvern (D:8)
  Eustachio (D:5)
  2 steam dragons (D:7)
  Menkaure (D:5)
  2 water moccasins
  2 black bears
  An ice beast (D:6)
  2 sky beasts
  A centaur (D:8)
  3 ogres
  2 lemures (D:6)
  2 kobold brigands
  3 bullfrogs
  2 scorpions
  9 wights
  5 killer bees
  5 howler monkeys
  2 orc priests (D:6)
  A jelly (D:5)
  4 hounds
  2 sleepcaps
  5 iguanas
  3 orc wizards
  4 gnolls (D:8)
  14 adders
  5 river rats
  A white imp (D:7)
  An ufetubus (D:7)
  3 worms
  2 dart slugs
  16 orcs
  12 bats
  7 endoplasms
  2 giant cockroaches
  4 goblins
  5 hobgoblins
  8 jackals
  15 kobolds
  3 quokkas
  11 ball pythons
  12 frilled lizards
  5 rats
193 creatures vanquished.

Vanquished Creatures (others)
  An orc wizard (D:7)
  2 orcs (D:7)
3 creatures vanquished.

Grand Total: 196 creatures vanquished

Notes
Turn   | Place    | Note
-------+----------+-------------------------------------------
     0 | D:1      | adizb the Troll Earth Elementalist began the quest for the
                  | Orb.
     0 | D:1      | Reached XP level 1. HP: 16/16 MP: 1/1
   161 | D:1      | Reached XP level 2. HP: 24/24 MP: 2/2
   176 | D:1      | Learned a level 2 spell: Passwall
   249 | D:1      | Reached skill level 1 in Unarmed Combat
   645 | D:2      | Reached XP level 3. HP: 32/32 MP: 3/3
   646 | D:2      | Found a faded altar of an unknown god.
   662 | D:2      | Identified the +6 quarterstaff of Temperance {drain, rF+
                  | rC+}
  1144 | D:2      | Reached skill level 1 in Transmutations
  1539 | D:3      | Reached XP level 4. HP: 40/40 MP: 5/5
  1879 | D:3      | Found a white marble altar of Elyvilon.
  1991 | D:4      | Found a radiant altar of Vehumet.
  2000 | D:4      | Found an ancient bone altar of Kikubaaqudgha.
  2033 | D:4      | Reached skill level 2 in Unarmed Combat
  2066 | D:4      | Reached skill level 1 in Fighting
  2082 | D:4      | Reached skill level 1 in Armour
  2099 | D:4      | Reached XP level 5. HP: 48/48 MP: 6/6
  2127 | D:4      | Noticed a water moccasin
  2504 | D:4      | Noticed an ogre
  2545 | D:5      | Entered Level 5 of the Dungeon
  2560 | D:5      | Noticed a sky beast
  2570 | D:5      | Killed a sky beast
  2571 | D:5      | Reached skill level 3 in Unarmed Combat
  2571 | D:5      | Reached XP level 6. HP: 50/55 MP: 7/7
  2744 | D:5      | Found Ceazo's Fire Supplies.
  2787 | D:5      | Found a glowing drain.
  2834 | Sewer    | Entered a sewer
  2959 | Sewer    | HP: 1/57 [river rat (5)]
  2968 | Sewer    | Reached XP level 7. HP: 9/65 MP: 9/9
  3249 | Sewer    | Reached skill level 4 in Unarmed Combat
  3304 | Sewer    | Identified a scroll of acquirement
  3308 | Sewer    | Acquired the +1 hat of Etsau {Will+ Str+2}
  3519 | D:5      | Noticed Menkaure
  3533 | D:5      | Killed Menkaure
  3584 | D:5      | Found a staircase to the Ecumenical Temple.
  3591 | D:5      | Noticed Eustachio
  3602 | D:5      | Killed Eustachio
  3612 | Temple   | Entered the Ecumenical Temple
  3844 | Temple   | Became a worshipper of Uskayaw the Reveller
  3929 | D:5      | Reached * piety under Uskayaw
  3930 | D:5      | Reached skill level 5 in Unarmed Combat
  3943 | D:6      | Reached ** piety under Uskayaw
  3966 | D:6      | Reached XP level 8. HP: 70/74 MP: 7/10
  4087 | D:6      | Noticed Pikel
  4088 | D:6      | Reached *** piety under Uskayaw
  4093 | D:6      | Reached **** piety under Uskayaw
  4098 | D:6      | Reached ***** piety under Uskayaw
  4105 | D:6      | Killed Pikel
  4106 | D:6      | Reached skill level 1 in Invocations
  4194 | D:6      | Reached skill level 6 in Unarmed Combat
  4732 | D:6      | Reached XP level 9. HP: 57/83 MP: 11/11
  5375 | D:6      | Acquired the ring "Fefa" {rC- rN++ AC+4}
  5748 | D:7      | Reached skill level 7 in Unarmed Combat
  5814 | D:7      | Reached skill level 5 in Earth Magic
  6263 | D:7      | Identified the +9 dagger "Ureloima" {flame, Int+2}
  6443 | D:8      | Found an ornate altar of the Wu Jian Council.
  6481 | D:8      | Reached XP level 10. HP: 77/94 MP: 12/12
  6490 | D:8      | Reached skill level 8 in Unarmed Combat
  6565 | D:8      | Noticed Maurice
  6607 | D:8      | Gained mutation: You are strong-willed. (Will+) [potion of
                  | mutation]
  6607 | D:8      | Gained mutation: Your flesh is cold resistant. (rC+)
                  | [potion of mutation]
  6607 | D:8      | Gained mutation: You have a pair of small antennae on your
                  | head. [potion of mutation]
  6607 | D:8      | HP: 1/94 [poisoned by something (curare-tipped dart)]
  6612 | D:8      | HP: 2/94 [asphyx]
  6613 | D:8      | Killed Maurice
  6613 | D:8      | Succumbed to Maurice's curare-tipped dart

Illustrated notes

Levels and vault maps discovered:
D:1:      saegor_arrival_simple_d, layout_loops_ring, minmay_lizard_pond
D:2:      layout_loops_corners, ebering_ecumenical_altar_box, nicolae_half_adder
D:3:      layout_loops_ring, mainiacjoe_overflow_alcove_4, minivault_25
D:4:      layout_basic, nicolae_overflow_crystal_walls,
          mainiacjoe_overflow_boulevard, eino_tiny_chamber
D:5:      layout_loops_cross, minmay_temple_entry_statues_pillars,
          portal_sewer_entry_a, nicolae_shop_fire_sale [nicolae_sub_dead_trees],
          hangedman_decor_clover_reticule, uniq_menkaure, uniq_eustachio
D:6:      layout_basic, minmay_stone_trees_medium, uniq_pikel
D:7:      layout_basic, item_on_display_a
D:8:      layout_cave_pools, mainiacjoe_overflow_chevrons, xom_confusion_cloud,
          general_overflow_altar, serial_rivers, chequers_serial_rivers_small_3,
          chequers_serial_rivers_large_b, chequers_serial_rivers_micro_b,
          chequers_serial_rivers_large_a, chequers_serial_rivers_micro_a,
          uniq_maurice
Temple:   eino_temple_water

Skill      XL: |  1  2  3  4  5  6  7  8  9 10 |
---------------+-------------------------------+-----
Unarmed Combat | 1 2 3 5 6 7 8 |  8.1
Earth Magic    | 3 4 5 |  5.0
Transmutations | 1 2 |  2.0
Dodging        | 2 3 4 |  4.9
Fighting       | 1 2 3 4 |  4.4
Armour         | 1 2 3 4 |  4.5
Spellcasting   | 2 |  2.0
Invocations    | 2 3 |  3.7
Stealth        | |  1.0

Action                     |  1- 3 |  4- 6 |  7- 9 | 10-12 || total
---------------------------+-------+-------+-------+-------++-------
  Melee: Unarmed           |   116 |   172 |   301 |    39 ||   628
         Punch             |       |     4 |    12 |     2 ||    18
   Cast: Sandblast         |     7 |    10 |     6 |     1 ||    24
 Invoke: Line Pass         |       |       |     3 |     1 ||     4
         Stomp             |       |       |    12 |     5 ||    17
    Use: Scroll            |       |     8 |     8 |     1 ||    17
         Potion            |       |     1 |     2 |     4 ||     7
   Stab: Sleeping          |     3 |     1 |     1 |       ||     5
         Paralysed         |       |       |     7 |       ||     7
 Armour: Robe              |    35 |    45 |    88 |    18 ||   186
  Dodge: Dodged            |    46 |    77 |   168 |    35 ||   326
